 Dungeon Crawl Stone Soup version 0.26.1-2-gb8aa6d0cf2 (webtiles) character file.

Game seed: 16523407262745810615

3859 hawla the Destroyer (level 9, -1/100 HPs)
             Began as a Pale Draconian Conjurer on Feb 24, 2021.
             Was a Follower of Vehumet.
             Slain by a troll (8 damage)
             ... on level 8 of the Dungeon.
             The game lasted 00:23:07 (7702 turns).

hawla the Destroyer (Pale Draconian Conjurer)       Turns: 7702, Time: 00:23:07

Health: -1/100     AC: 24    Str: 10    XL:     9   Next: 99%
Magic:  3/19       EV:  2    Int: 21    God:    Vehumet [*.....]
Gold:   416        SH:  0    Dex: 10    Spells: 3/22 levels left

rFire    . . .     SeeInvis .   B - +3 quarterstaff (chaos)
rCold    . . .     Faith    .   (shield currently unavailable)
rNeg     + + +     Spirit   .   (armour unavailable)
rPois    +         Reflect  .   (helmet currently unavailable)
rElec    .         Harm     .   (cloak currently unavailable)
rCorr    .         Rampage  .   (gloves currently unavailable)
Will     .....     NoTele   +   (boots currently unavailable)
Stlth    ++........             x - amulet of magic regeneration
HPRegen  0.00/turn              (no ring)
MPRegen  0.41/turn              h - ring of wizardry

@: mighty, tree-form
A: (breathe steam), unfitting armour, inhibited regeneration, AC +7
a: Renounce Religion


You were on level 8 of the Dungeon.
You worshipped Vehumet.
Vehumet was aware of your devotion.
You were a tree.
You visited 2 branches of the dungeon, and saw 9 of its levels.
You also visited: Sewer.

You collected 416 gold pieces.

Inventory:

Hand Weapons
 a - a +1 dagger of protection
 f - a +0 quarterstaff
 B - a +3 quarterstaff of chaos (weapon)
Missiles
 o - 4 throwing nets
 v - 21 poisoned darts (quivered)
Armour
 t - a +0 pair of gloves (melded)
 w - a +1 cloak (melded)
Magical Staves
 u - an uncursed staff of cold
Jewellery
 g - a +4 ring of protection
 h - a ring of wizardry (right branch)
 r - a +4 ring of evasion
 x - an amulet of magic regeneration (around neck)
 z - an uncursed amulet of the acrobat
Wands
 e - a wand of polymorph (10)
 H - a wand of iceblast (8)
Scrolls
 d - 2 scrolls of amnesia
 k - 3 scrolls of remove curse
 y - a scroll of teleportation
 E - a scroll of blinking
Potions
 b - a potion of resistance {unknown}
 c - 2 potions of lignification
 i - 4 potions of flight
 j - 3 potions of haste {unknown}
 l - 2 potions of curing
 m - 2 potions of brilliance {unknown}
 n - 5 potions of heal wounds {unknown}
 p - 2 potions of ambrosia {unknown}
 q - 2 potions of might
 s - 2 potions of magic {unknown}
 A - 3 potions of invisibility {unknown}
 C - 2 potions of degeneration {unknown}
 F - a potion of cancellation {unknown}


   Skills:
 - Level 2.0 Fighting
 - Level 1.0 Throwing
 - Level 3.0 Dodging
 - Level 2.0 Stealth
 + Level 7.2 Spellcasting
 - Level 9.0 Conjurations
 - Level 4.0 Translocations
 + Level 7.6 Fire Magic
 - Level 1.0 Earth Magic
 - Level 1.0 Evocations


You had 3 spell levels left.
You knew the following spells:

 Your Spells              Type           Power        Failure   Level
a - Magic Dart            Conj           100%         1%          1
b - Searing Ray           Conj           90%          1%          2
c - Iskenderun's Mystic   Conj/Tloc      34%          2%          4
d - Sticky Flame          Conj/Fire      42%          1%          4
e - Ignition              Fire           19%          100%        8

Your spell library contained the following spells:

 Spells                   Type           Power        Failure   Level
 Freeze                   Ice            28%          3%          1
 Foxfire                  Conj/Fire      100%         1%          1
 Dazzling Flash           Conj/Hex       52%          1%          3
 Gell's Gravitas          Tloc           12%          1%          3
 Confusing Touch          Hex            7%           11%         3
 Fulminant Prism          Conj/Hex       13%          6%          4
 Bolt of Magma            Conj/Fire/Erth 16%          9%          5
 Petrify                  Tmut/Erth      9%           26%         4
 Metabolic Englaciation   Hex/Ice        3%           65%         5
 Yara's Violent Unravell  Hex/Tmut       3%           65%         5


Dungeon Overview and Level Annotations

Branches:
Dungeon (8/15)             Temple (1/1) D:5           Sewer (visited)
   Lair: D:8-11

Altars:
Fedhas
Ru
Sif Muna
Trog
Vehumet

Shops:
D:8 (


Innate Abilities, Weirdness & Mutations

((You can breathe blasts of scalding, opaque steam.))
((Your pale cyan-grey scales are hard. (AC +7)))
You cannot fit into any form of body armour.
((You are cold-blooded and may be slowed by cold attacks.))
((You have sharp toenails.))
You do not regenerate when monsters are visible.


Message History

The hound bites you but does no damage. The troll bites you but does no damage.
The troll claws you.
* * * LOW HITPOINT WARNING * * *
The troll claws you.
* * * LOW HITPOINT WARNING * * *
You feel very mighty all of a sudden. The hound bites you but does no damage.
The troll bites you but does no damage.
The troll claws you but does no damage. x2
You hit the troll.
The troll seems to grow stronger.
The troll is moderately wounded.
The hound bites you but does no damage. x2; The troll bites you!
* * * LOW HITPOINT WARNING * * *
The troll claws you but does no damage. x2
Casting: Searing Ray (safe; 1% risk of failure)
Confirm with . or Enter, or press ? or * to list all spells.
You don't have enough magic to cast that spell.
You sock the troll! You freeze the troll.
The troll is severely wounded.
The hound bites you but does no damage. The troll bites you!
You die...

#..####..............##.. # #
......##.............#.?##.#...#
#......#......... #.#...†.....#
#......##.......# #...h##.....'
#..#..........#.# #...## ....#
.<..............#####..# ......
...................#..###.......
##...........................#..
....##.).8.∩.<(8♣T....#.[....# .
.......".........h....#........
........#............##.##.....
#....(.##............#### <#...
#....#####....#####.## # .#
...... ...?.# ..# . #...##.
.......# #..# #.... ......... ..
###. .......


You could see a troll (strong) and a hound.

Vanquished Creatures
  Harold (D:7)
  Erica (D:8)
  Grinder (D:6)
  Prince Ribbit (D:7)
  Sigmund (D:2)
  Duvessa (D:4)
  2 orc warriors (D:6)
  3 ice beasts
  A centaur (D:6)
  An ogre (D:7)
  A big kobold (Sewer)
  2 bullfrogs (D:7)
  Dowan (D:4)
  3 scorpions
  3 killer bees (D:8)
  3 howler monkeys
  A bullfrog zombie (D:7)
  2 hounds (D:4)
  Crazy Yiuf (D:5)
  3 orc priests
  An iguana (D:6)
  An orc wizard (D:7)
  A worker ant (D:6)
  A hound zombie (D:6)
  A hound skeleton (D:6)
  A worker ant zombie (D:5)
  9 adders
  3 river rats (Sewer)
  2 shadow imps
  5 white imps
  2 adder skeletons
  3 worms
  4 leopard geckos
  11 orcs
  3 ball pythons
  2 giant cockroaches
  4 goblins
  5 hobgoblins
  7 jackals
  8 kobolds
  4 quokkas
  10 bats
  3 frilled lizards
  A quokka skeleton (D:4)
  7 rats
132 creatures vanquished.

Vanquished Creatures (others)
  A fungus (D:7)
  A plant (D:7)
2 creatures vanquished.

Grand Total: 134 creatures vanquished

Notes
Turn   | Place    | Note
-------+----------+-------------------------------------------
     0 | D:1      | hawla the Draconian Conjurer began the quest for the Orb.
     0 | D:1      | Reached XP level 1. HP: 14/14 MP: 3/3
   314 | D:1      | Reached XP level 2. HP: 22/22 MP: 0/5
   356 | D:1      | Learned a level 2 spell: Searing Ray
   981 | D:2      | Found a sacrificial altar of Ru.
   994 | D:2      | You fall into a shaft and drop 2 floors!
  1009 | D:4      | Noticed a howler monkey
  1013 | D:4      | Killed a howler monkey
  1014 | D:4      | Reached skill level 1 in Fighting
  1014 | D:4      | Reached skill level 1 in Translocations
  1014 | D:4      | Reached XP level 3. HP: 28/28 MP: 1/6
  1100 | D:4      | Reached XP level 4. HP: 35/35 MP: 1/8
  1105 | D:4      | Learned a level 4 spell: Iskenderun's Mystic Blast
  1238 | D:4      | Noticed Duvessa
  1238 | D:4      | Noticed Dowan
  1248 | D:4      | Gained mutation: You do not regenerate when monsters are
                  | visible. [potion of mutation]
  1248 | D:4      | Gained mutation: You have sharp toenails. [potion of
                  | mutation]
  1282 | D:4      | Killed Dowan
  1283 | D:4      | Reached XP level 5. HP: 14/40 MP: 0/9
  1285 | D:4      | Killed Duvessa
  1286 | D:4      | Reached skill level 5 in Conjurations
  1296 | D:4      | Reached XP level 6. HP: 13/47 MP: 0/11
  2429 | D:2      | Noticed Sigmund
  2433 | D:2      | Killed Sigmund
  2434 | D:2      | Reached skill level 6 in Conjurations
  2826 | D:3      | Your scales start taking on a pale cyan-grey colour.
  2826 | D:3      | Reached XP level 7. HP: 52/52 MP: 9/13
  4058 | D:5      | Entered Level 5 of the Dungeon
  4071 | D:5      | Found a staircase to the Ecumenical Temple.
  4079 | D:5      | Reached skill level 1 in Fire Magic
  4089 | Temple   | Entered the Ecumenical Temple
  4168 | Temple   | Became a worshipper of Vehumet
  4353 | D:5      | Found a glowing drain.
  4367 | Sewer    | Entered a sewer
  4488 | Sewer    | Found a white marble altar of Elyvilon.
  4722 | D:5      | Identified Tatoirghe's Grimoire of the Volcanoes
  4731 | D:5      | Learned a level 4 spell: Sticky Flame
  4740 | D:5      | Found a runed translucent door.
  4741 | D:5      | Noticed Crazy Yiuf
  4934 | D:5      | Killed Crazy Yiuf
  4995 | D:6      | Noticed Grinder
  5015 | D:6      | Killed Grinder
  5016 | D:6      | Reached skill level 5 in Spellcasting
  5016 | D:6      | Reached skill level 7 in Conjurations
  5196 | D:6      | Reached XP level 8. HP: 56/59 MP: 8/15
  5590 | D:6      | Reached skill level 1 in Earth Magic
  5590 | D:6      | Reached skill level 1 in Evocations
  5691 | D:6      | Reached skill level 1 in Throwing
  5698 | D:6      | Reached * piety under Vehumet
  5698 | D:6      | Offered knowledge of Freeze by Vehumet.
  6547 | D:7      | Found a shimmering blue altar of Sif Muna.
  6690 | D:7      | Noticed Harold
  6729 | D:7      | Killed Harold
  6730 | D:7      | Reached skill level 8 in Conjurations
  6730 | D:7      | Reached skill level 5 in Fire Magic
  6730 | D:7      | Reached XP level 9. HP: 67/67 MP: 2/18
  6754 | D:7      | Learned a level 8 spell: Ignition
  7108 | D:7      | Found a blossoming altar of Fedhas.
  7147 | D:7      | Noticed Prince Ribbit
  7154 | D:7      | Killed Prince Ribbit
  7548 | D:8      | Found Pug Qoes's Antique Weapon Shoppe.
  7554 | D:8      | Noticed Erica
  7576 | D:8      | Killed Erica
  7682 | D:8      | Reached skill level 9 in Conjurations
  7685 | D:8      | Noticed a troll
  7702 | D:8      | Slain by a troll

Illustrated notes

Levels and vault maps discovered:
D:1:      roderic_octagonal_star, layout_rooms, patterned_corridor
D:2:      layout_basic, nicolae_overflow_crystal_walls, uniq_sigmund
D:3:      layout_rooms, item_on_display_a
D:4:      layout_basic, minmay_bisected, uniq_duvessa
D:5:      layout_basic, minmay_temple_entry_proselytizer,
          cheibrodos_sewer_entry_drain, uniq_crazy_yiuf_cottage
D:6:      layout_cave_pools, dk_vineyard_2, minmay_misc_feat_square,
          uniq_grinder
D:7:      layout_loops_corners, fedhas_altar_3, lemuel_doored_altar,
          uniq_harold, uniq_prince_ribbit1
D:8:      layout_cave_pools, minmay_overflow_temple_star_quad,
          xom_confusion_cloud, serial_shops, shop_statue, uniq_maggie,
          uniq_erica
Temple:   regret_index_temple_generic_petals

Skill      XL: |  1  2  3  4  5  6  7  8  9 |
---------------+----------------------------+-----
Dodging        | 2 3 |  3.0
Stealth        | 2 |  2.0
Fighting       | 1 2 |  2.0
Translocations | 1 2 3 4 |  4.0
Spellcasting   | 3 4 5 6 7 |  7.2
Conjurations   | 5 6 7 8 9 |  9.0
Fire Magic     | 3 5 7 |  7.6
Earth Magic    | 1 |  1.0
Evocations     | 1 |  1.0
Throwing       | 1 |  1.0

Action                   |  1- 3 |  4- 6 |  7- 9 || total
-------------------------+-------+-------+-------++-------
Melee: Unarmed           |    23 |    20 |       ||    43
       Tailslap          |     2 |       |     1 ||     3
       Dagger            |       |    14 |       ||    14
       Quarterstaff      |       |       |    26 ||    26
       Kick              |       |       |     5 ||     5
Throw: Dart              |       |       |     6 ||     6
       Throwing net      |       |       |     1 ||     1
 Cast: Magic Dart        |    26 |     8 |    41 ||    75
       Searing Ray       |     6 |    27 |    55 ||    88
       Iskenderun's Myst |       |     2 |    30 ||    32
  Use: Scroll            |     3 |       |    10 ||    13
       Potion            |       |     3 |     6 ||     9
Armor: Skin              |    14 |    37 |    49 ||   100
Dodge: Dodged            |    32 |    21 |    57 ||   110
